 Dungeon Crawl Stone Soup version 0.18.1-5-g4a78601 (webtiles) character file.

182 namelastname112 the Sneak (level 5, -2/45 HPs)
             Began as a Draconian Assassin on May 11, 2016.
             Slain by an orc
             ... wielding a cursed -2 flail
              (4 damage)
             ... on level 4 of the Dungeon.
             The game lasted 00:03:32 (2743 turns).

namelastname112 the Sneak (Draconian Assassin)      Turns: 2743, Time: 00:03:33

Health: -2/45      AC:  4    Str: 14    XL:     5   Next: 35%
Magic:  5/5        EV: 12    Int: 11    God:
Gold:   197        SH:  0    Dex: 13    Spells: 0 memorised, 4 levels left

rFire  . . .     SeeInvis .     b - +0 blowgun
rCold  + . .     Gourm    .     (armour unavailable)
rNeg   . . .     Faith    .     (no shield)
rPois  .         Spirit   .     (helmet restricted)
rElec  .         Dismiss  .     c - +0 cloak
rCorr  .         Reflect  .     (no gloves)
SustAt .         Harm     .     (no boots)
MR     .....                    D - amulet of rage
Stlth  ++........               x - -2 ring of protection (curse)
                                C - ring of protection from cold

@: drained, not resistant to hostile enchantments, unstealthy
A: unfitting armour, cold-blooded, AC +5
a: Evoke Berserk Rage


You were on level 4 of the Dungeon.
You were very hungry.

You visited 1 branch of the dungeon, and saw 4 of its levels.

You collected 197 gold pieces.

Inventory:

Hand Weapons
 a - a +2 dagger
 b - a +0 blowgun (weapon)
Missiles
 d - 41 poisoned needles (quivered)
 e - 2 curare-tipped needles
 m - a throwing net
Armour
 c - a +0 cloak (worn)
Jewellery
 l - an uncursed ring of sustain attributes
 o - an uncursed ring of magical power
 t - a +2 ring of dexterity
 x - a cursed -2 ring of protection (right hand)
 C - a ring of protection from cold (left hand)
 D - an amulet of rage (around neck)
Scrolls
 i - a scroll of magic mapping {unknown}
 j - a scroll of noise {unknown}
 q - 7 scrolls of remove curse {unknown}
 r - 2 scrolls of identify {unknown}
 s - a scroll of fear {unknown}
 u - a scroll of teleportation {unknown}
 v - a scroll of enchant armour {unknown}
 y - a scroll of random uselessness {unknown}
 A - a scroll of immolation {unknown}
Potions
 g - 3 potions of flight {unknown}
 h - a potion of brilliance {unknown}
 n - a potion of resistance {unknown}
 z - a potion of curing {unknown}
 B - a potion of heal wounds {unknown}
Comestibles
 f - a bread ration
 k - 4 fruits
 p - a slice of pizza
 w - 2 meat rations


   Skills:
 + Level 3.2 Fighting
 * Level 3.3(3.2) Short Blades
 + Level 2.6(2.5) Throwing
 + Level 2.0(1.9) Dodging
 * Level 4.3 Stealth


You had 4 spell levels left.
You didn't know any spells.

Dungeon Overview and Level Annotations

Branches:
Dungeon (4/15)
 Temple: D:4-7

Altars:
Yredelemnul


Innate Abilities, Weirdness & Mutations

Your plain brown scales are hard (AC +5).
Your body does not fit into most forms of armour.
You are cold-blooded and may be slowed by cold attacks.


Message History

You shoot a poisoned needle.
The poisoned needle closely misses the orc. x2
You kill the orc!
You feel sick.
You take 1 damage, and have 4/45 hp.
Press: ? - help, v - describe, . - travel
Here: an orc, wielding an enchanted flail The floor.
Firing (i - inventory. (,) - cycle):
d - 42 poisoned needles (quivered)
Press: ? - help, Shift-Dir - straight line, f - orc
Aim: an orc, wielding an enchanted flail You shoot a poisoned needle.
The poisoned needle barely misses the orc.
You feel sick.
You are no longer poisoned.
The orc hits you with an enchanted flail.
* * * LOW HITPOINT WARNING * * *
You take 4 damage, and have 1/45 hp.
The orc hits you with an enchanted flail.
You die...

#.# #.##.##.# #.#
#.##.##.#
########.#####
#.##.##.##
..)(((...)..(#
#........#
########.###.#
#######.## #.#
#.# #.# #.# #.#
#.# #.#
#.#############.#
#.#
#...o@..........#
#.#
#.###############
#.# #.# #.# #.#
#.# ###


You could see an orc.

Vanquished Creatures
  An orc wizard (D:4)
  Crazy Yiuf (D:2)
  5 adders (D:2)
  An adder skeleton (D:4)
  A worm (D:3)
  2 dart slugs
  A giant gecko (D:3)
  3 orcs (D:4)
  5 giant cockroaches
  5 goblins
  6 hobgoblins
  A quokka (D:2)
  A ball python (D:1)
  18 bats
  A giant newt (D:2)
  9 kobolds
  12 rats
  A fungus (D:2)
74 creatures vanquished.

Notes
Turn   | Place    | Note
--------------------------------------------------------------
     0 | D:1      | namelastname112 the Draconian Assassin began the quest for the Orb.
     0 | D:1      | Reached XP level 1. HP: 17/17 MP: 1/1
    34 | D:1      | Reached skill level 1 in Dodging
   106 | D:1      | Reached XP level 2. HP: 17/24 MP: 2/2
   828 | D:2      | Reached XP level 3. HP: 7/30 MP: 3/3
   846 | D:2      | HP: 1/30 [poisoned by an adder]
  1147 | D:2      | Found a basalt altar of Yredelemnul.
  1250 | D:2      | Reached XP level 4. HP: 34/37 MP: 4/4
  1294 | D:2      | Reached skill level 4 in Stealth
  1508 | D:2      | Noticed Crazy Yiuf
  1546 | D:2      | Killed Crazy Yiuf
  2017 | D:3      | Found a faded altar to an unknown god.
  2155 | D:3      | Reached XP level 5. HP: 45/45 MP: 5/5
  2738 | D:4      | HP: 1/45 [orc/enchanted flail (3)]
  2743 | D:4      | Slain by an orc

Skill      XL: |  1  2  3  4  5 |
---------------+----------------+-----
Dodging        | 1 2 |  2.0
Throwing       | 2 |  2.6
Stealth        | 4 |  4.3
Fighting       | 3 |  3.2
Short Blades   | 3 |  3.3

Action                   |  1- 3 |  4- 6 || total
-------------------------+-------+-------++-------
Melee: Dagger            |   103 |   143 ||   246
       Tailslap          |    13 |    14 ||    27
 Fire: Blowgun           |       |    21 ||    21
 Stab: Sleeping          |     8 |     9 ||    17
  Eat: Chunk             |     1 |     4 ||     5
Armor: Skin              |    37 |    36 ||    73
Dodge: Dodged            |    74 |    71 ||   145
